 Dungeon Crawl Stone Soup version 0.31-a0-210-gccc998df9b (webtiles) character file.

Game seed: 18114086997512988399

149 pokeman the Magician (level 5, -5/29 HPs)
             Began as a Deep Elf Hedge Wizard on June 30, 2023.
             Slain by a river rat (8 damage)
             ... in a sewer.
             The game lasted 00:04:27 (3085 turns).

pokeman the Magician (Deep Elf Hedge Wizard)        Turns: 3085, Time: 00:04:27

Health: -5/29      AC:  4    Str:  7    XL:     5   Next: 9%
Magic:  0/15       EV: 13    Int: 21    God:
Gold:   123        SH:  0    Dex: 14    Spells: 8/16 levels left

rFire   + . .        a - +0 dagger
rCold   . . .        (no shield)
rNeg    . . .        b - +0 robe
rPois   .            m - +2 hat
rElec   .            (no cloak)
rCorr   .            (no gloves)
SInv    .            (no boots)
Will    .....        (no amulet)
Stlth   ++           e - ring of protection from fire
HPRegen 0.24/turn    (no ring)
MPRegen 0.14/turn

%: no passive effects
@: no status effects
A: no striking features
a: no special abilities


You were in a sewer.
You visited 1 branch of the dungeon, and saw 3 of its levels.
You also visited: Sewer.

You collected 123 gold pieces.

Inventory:

Hand Weapons
 a - a +0 dagger (weapon)
Missiles
 c - 2 throwing nets
Armour
 b - a +0 robe (worn)
 m - a +2 hat (worn)
Jewellery
 e - a ring of protection from fire (left hand)
 j - a ring of fire
Wands
 r - a wand of charming (9)
Scrolls
 f - 2 scrolls of immolation {unknown}
 g - a scroll of noise {unknown}
 i - a scroll of fog {unknown}
 l - 2 scrolls of poison {unknown}
 q - 4 scrolls of identify {unknown}
Potions
 d - a potion of magic
 h - 3 potions of curing {unknown}
 k - 3 potions of invisibility {unknown}
 n - a potion of heal wounds {unknown}
 o - 2 potions of enlightenment {unknown}
 p - a potion of resistance {unknown}


   Skills:
 - Level 1.0 Fighting
 - Level 1.0 Armour
 - Level 3.0 Dodging
 - Level 3.0 Stealth
 * Level 6.0 Spellcasting
 + Level 2.5 Conjurations
 - Level 1.1 Summonings
 - Level 1.1 Translocations
 + Level 0.0 Air Magic
 + Level 0.0 Poison Magic
 + Level 0.3 Evocations


You had 8 spell levels left.
You knew the following spells:

 Your Spells              Type           Power      Damage    Failure   Level
a - Magic Dart            Conj           64%        1d6       3%          1
b - Mephitic Cloud        Conj/Pois/Air  9%         N/A       21%         3
c - Call Imp              Summ           22%        N/A       10%         2
d - Blink                 Tloc           22%        N/A       10%         2

Your spell library contained the following spells:

 Spells                   Type           Power      Damage    Failure   Level
 Slow                     Hex            24%        N/A       10%         1
 Cigotuvi's Dreadful Rot  Necr/Pois/Air  12%        N/A       14%         2


Dungeon Overview and Level Annotations

Branches:
Dungeon (3/15)              Sewer (1/1)

Altars:
Nemelex Xobeh


Message History

The river rat is almost dead.
The river rat bites you.
Casting: Magic Dart (safe; 3% risk of failure)
Confirm with . or Enter, or press ? or * to list all spells.
Aiming: Magic Dart (safe; 3% risk of failure)
Press: ? - help, Shift-Dir - straight line, f/p - river rat
Aim: a river rat (almost dead, 100% to hit)
The magic dart hits the river rat but does no damage.
The river rat is almost dead.
The river rat closely misses you.
Casting: Magic Dart (safe; 3% risk of failure)
Confirm with . or Enter, or press ? or * to list all spells.
You don't have enough magic to cast this spell.
Unknown command.
Casting: Magic Dart (safe; 3% risk of failure)
Confirm with . or Enter, or press ? or * to list all spells.
You don't have enough magic to cast this spell.
Unknown command.
You hit the river rat but do no damage.
The river rat is almost dead.
The river rat bites you!
* * * LOW HITPOINT WARNING * * *
The river rat attacks as you move away! The river rat barely misses you.
Casting: Magic Dart (safe; 3% risk of failure)
Confirm with . or Enter, or press ? or * to list all spells.
Aiming: Magic Dart (safe; 3% risk of failure)
Press: ? - help, Shift-Dir - straight line, f/p - river rat
Aim: a river rat (almost dead, 100% to hit)
The magic dart hits the river rat but does no damage.
The river rat is almost dead.
The river rat closely misses you.
Your magical contamination has completely faded away.
You hit the river rat but do no damage.
You punch the river rat, but do no damage.
The river rat is almost dead.
The river rat barely misses you.
You closely miss the river rat.
The river rat is almost dead.
The river rat bites you!
You die...

#############
#~~.~.~.r@.~####
..††.~~~~..~....##
~..#########~.~..#
. ###...# ##..#
#~~# #.~#
###########†.#
#.~..~~÷÷....#


You could see a river rat.

Vanquished Creatures
  Jessica (D:2)
  6 adders (D:2)
  2 river rats (Sewer)
  A dart slug (D:2)
  6 ball pythons
  2 bats
  7 endoplasms
  4 giant cockroaches
  3 goblins
  4 hobgoblins
  5 kobolds
  2 quokkas (D:2)
  5 frilled lizards
  3 rats
51 creatures vanquished.

Notes
Turn   | Place    | Note
-------+----------+-------------------------------------------
     0 | D:1      | pokeman the Deep Elf Hedge Wizard began the quest for the
                  | Orb.
     0 | D:1      | Reached XP level 1. HP: 10/10 MP: 7/7
   434 | D:1      | Reached XP level 2. HP: 16/16 MP: 6/9
  1166 | D:2      | Reached skill level 5 in Spellcasting
  1372 | D:2      | Reached XP level 3. HP: 20/20 MP: 4/11
  1376 | D:2      | Learned a level 3 spell: Mephitic Cloud
  1379 | D:2      | Learned a level 2 spell: Call Imp
  1382 | D:2      | Learned a level 2 spell: Blink
  1479 | D:2      | Reached skill level 1 in Armour
  1488 | D:2      | Reached skill level 1 in Fighting
  1626 | D:2      | Identified the +2 trident "Pifutyla" {freeze, Int-5 Dex+3
                  | Stlth+}
  1707 | D:2      | Reached XP level 4. HP: 25/25 MP: 10/13
  2196 | D:2      | Noticed Jessica
  2203 | D:2      | Killed Jessica
  2329 | D:2      | Found a sparkling altar of Nemelex Xobeh.
  2720 | D:3      | Found a glowing drain.
  2724 | Sewer    | Entered a sewer
  2806 | Sewer    | Reached skill level 6 in Spellcasting
  2914 | Sewer    | Reached XP level 5. HP: 19/29 MP: 4/15
  3085 | Sewer    | Slain by a river rat

Illustrated notes

Levels and vault maps discovered:
D:1:      lemuel_arrival_cross, layout_basic
D:2:      layout_loops_ring, basic_altar, uniq_jessica
D:3:      layout_basic, gup_sewer_entry_bowl, hex_medium, interstate_on_off
Sewer:    sewer_hellmonk_slimy_pipes

Skill      XL: |  1  2  3  4 |
---------------+-------------+-----
Spellcasting   | 5 6 |  6.0
Armour         | 1 |  1.0
Fighting       | 1 |  1.0
Conjurations   | 2 |  2.5
Dodging        | 3 |  3.0
Stealth        | 3 |  3.0
Summonings     | |  1.1
Translocations | |  1.1
Evocations     | |  0.3

Action                     |  1- 3 |  4- 6 || total
---------------------------+-------+-------++-------
  Melee: Dagger            |     8 |    11 ||    19
         Punch             |       |     1 ||     1
   Cast: Magic Dart        |    77 |   106 ||   183
         Call Imp          |     1 |       ||     1
 Armour: Robe              |     5 |    10 ||    15
  Dodge: Dodged            |    18 |    44 ||    62

Table legend: (Time is in decaauts)
 A = Elapsed time spent in this place.
 B = Non-inter-level travel time spent in this place.
 C = Inter-level travel time spent in this place.
 D = Time resting spent in this place.
 E = Time spent auto-exploring this place.
 F = Levels seen in this place.
 G = Mean time per level.
                   A        B        C        D        E       F      G
               +--------+--------+--------+--------+--------+-----+--------+
         Total |   3095 |   3025 |     70 |    131 |   2441 |   4 |  773.8 |
       Dungeon |   2728 |   2658 |     70 |    131 |   2157 |   3 |  909.3 |
         Sewer |    366 |    366 |      0 |      0 |    284 |   1 |  366.0 |
               +--------+--------+--------+--------+--------+-----+--------+

Top non-repeatable levels by time:
     D:2: 1274 daAuts
     D:1: 1148 daAuts
   Sewer: 366 daAuts
     D:3: 306 daAuts
